 Dungeon Crawl Stone Soup version 0.29.1-14-g9c671dbff4 (webtiles) character file.

Game seed: 12374148794809143298

2 Mickster the Vexing (level 1, -3/14 HPs)
             Began as a Demigod Wanderer on Feb 16, 2023.
             Slain by a kobold
             ... wielding a +0 whip
              (4 damage)
             ... on level 1 of the Dungeon.
             The game lasted 00:02:51 (83 turns).

Mickster the Vexing (Demigod Wanderer)                Turns: 83, Time: 00:02:51

Health: -3/14      AC:  2    Str: 11    XL:     1   Next: 20%
Magic:  4/4        EV: 12    Int: 13    God:
Gold:   0          SH:  0    Dex: 16    Spells: 1/2 levels left

rFire   . . .      SeeInvis .   a - +0 dagger
rCold   . . .      Faith    .   (no shield)
rNeg    . . .      Spirit   .   c - +0 robe
rPois   .          Reflect  .   (no helmet)
rElec   .          Harm     .   (no cloak)
rCorr   .          Rampage  .   (no gloves)
Will    .....                   (no boots)
Stlth   +.........              (no amulet)
HPRegen 0.04/turn               (no ring)
MPRegen 0.09/turn               (no ring)

@: no status effects
A: high MP 1, forlorn, divine attributes
a: no special abilities


You were on level 1 of the Dungeon.
You visited 1 branch of the dungeon, and saw 1 of its levels.

Inventory:

Hand Weapons
 a - a +0 dagger (weapon)
Armour
 c - a +0 robe (worn)
Wands
 d - a wand of polymorph (5) (quivered)
Potions
 b - a potion of heal wounds


   Skills:
 + Level 1.9 Dodging
 + Level 1.0 Spellcasting
 + Level 2.6 Hexes
 + Level 1.8 Ice Magic
 + Level 1.7 Evocations


You had one spell level left.
You knew the following spells:

 Your Spells              Type           Power      Damage    Failure   Level
a - Freeze                Ice            20%        1d4       13%         1

Your spell library contained the following spells:

 Spells                   Type           Power      Damage    Failure   Level
 Slow                     Hex            28%        N/A       10%         1
 Frozen Ramparts          Ice            10%        1d2       36%         3
 Portal Projectile        Hex/Tloc       8%         N/A       43%         3
 Leda's Liquefaction      Hex/Erth       2%         N/A       85%         4


Dungeon Overview and Level Annotations

Branches:
Dungeon (1/15)

Annotations:
D:1 1 transporter


Innate Abilities, Weirdness & Mutations

You have an increased reservoir of magic. (+10% MP)
You shall have no god before yourself.
Your divine heritage dramatically boosts your attributes as you level up.


Message History

You hit the rat.
You kill the rat!
You see here a rat corpse.
e - a ruby potion
There are no items here.
It was a potion of flight.
You feel very buoyant.
You fly up into the air.
You see here a rat corpse.
Found a stone staircase leading down.
A ball python comes into view.
The ball python hisses angrily.
You hear a shout!
A kobold comes into view. It is wielding a +0 whip.
The kobold shouts!
The ball python bites you. The ball python grabs you.
The ball python constricts you.
You closely miss the ball python.
You are starting to lose your buoyancy.
The ball python bites you but does no damage.
The ball python constricts you.
You barely miss the ball python. The ball python completely misses you.
The ball python constricts you.
You barely miss the ball python. The ball python bites you.
The ball python constricts you.
The kobold throws a stone.
The stone barely misses you.
You hit the ball python.
You kill the ball python!
The kobold closely misses you. The kobold misses you.
You closely miss the kobold.
You float gracefully downwards.
The kobold closely misses you.
You barely miss the kobold. The kobold barely misses you.
You hit the kobold but do no damage. The kobold hits you with a +0 whip.
* * * LOW HITPOINT WARNING * * *
You barely miss the kobold. The kobold hits you with a +0 whip.
* * * LOW HITPOINT WARNING * * *
You hit the kobold.
The kobold is heavily wounded.
The kobold hits you with a +0 whip.
You die...

#.##......#
#..†......#
###.......# ....
##......## ....
..........# .....
###.....#.#####
....
#.........#.. ...
######....#.###.#
#....#.#@K.#
#....#...###
####....## ###>.#
####


You could see a kobold.

Vanquished Creatures
  A ball python (D:1)
  A rat (D:1)
2 creatures vanquished.

Notes
Turn   | Place    | Note
-------+----------+-------------------------------------------
     0 | D:1      | Mickster the Demigod Wanderer began the quest for the Orb.
     0 | D:1      | Mickster set off with the following items: a +0 dagger, a
                  | potion of heal wounds, a +0 robe, a wand of polymorph (5);
                  | and the following spells available to memorise: Slow,
                  | Freeze, Frozen Ramparts, Portal Projectile, Leda's
                  | Liquefaction.
     0 | D:1      | Reached XP level 1. HP: 14/14 MP: 4/4
     2 | D:1      | Learned a level 1 spell: Freeze
    83 | D:1      | Slain by a kobold

Illustrated notes

Levels and vault maps discovered:
D:1:      spicycebolla_arrival_risky_transporter, layout_basic

Action                   || total
-------------------------++-------
Melee: Dagger            ||    12
  Use: Potion            ||     1
Armor: Robe              ||     1
Dodge: Dodged            ||     8
